Map: [ESL] Alcyone

Players

Future - Winner!

  • Race: Terran Terran

Nina

  • Race: Protoss Protoss

Event: ESL SC2 Masters 2023 Winter (Regional)

VOD

Have the link to the VOD?

Description

Time

  • Played on: Oct. 26, 2023, 5:40 p.m.
  • Length: 9:27

All games in this series

Show
View Real Time Build Order
Export as new Build Order

Future Terran - Winner!

Build Orders:  

Get SALT Encoding   

  12  0:00  SCV  
  13  0:12  SCV  
  14  0:17  Supply Depot  
  14  0:24  SCV  
  15  0:39  SCV  
  15  0:40  Barracks  
  16  0:45  Refinery  
  16  0:51  SCV  
  16  0:55  Refinery  
  17  1:03  SCV  
  18  1:09  Supply Depot  
  18  1:16  SCV  
  19  1:28  SCV  
  19  1:35  Reaper  
  20  1:40  Orbital Command  
  20  1:52  Supply Depot  
  20  1:56  Factory  
  20  2:00  Bunker  
  20  2:06  SCV  
  21  2:10  Reaper  
  22  2:18  SCV  
  23  2:31  SCV  
  24  2:41  Command Center  
  24  2:43  SCV  
  25  2:45  Starport  
  25  2:52  Widow Mine  
  25  2:55  SCV  
  28  3:01  Supply Depot  
  28  3:07  SCV  
  29  3:14  Widow Mine  
  31  3:24  Medivac, SCV  
  34  3:30  Bunker  
  34  3:36  Factory Tech Lab, SCV  
  35  3:46  Barracks  
  35  3:48  SCV  
  36  3:53  Orbital Command  
  36  3:54  Starport Tech Lab  
  36  3:59  Barracks Reactor  
  36  4:00  SCV  
  37  4:03  Siege Tank  
  37  4:08  Refinery  
  40  4:12  SCV  
  41  4:22  Raven, SCV  
  44  4:24  SCV  
  44  4:28  Supply Depot  
  45  4:34  Marine, SCV  
  45  4:37  SCV  
  46  4:44  Siege Tank, Marine x2  
  51  4:46  SCV  
  51  4:49  SCV  
  51  4:50  Supply Depot  
  51  4:52  Interference Matrix  
  53  4:55  Marine  
  53  4:59  Supply Depot  
  54  5:01  SCV  
  54  5:02  Marine x2  
  54  5:06  SCV  
  58  5:13  Marine  
  60  5:14  SCV  
  60  5:16  Supply Depot  
  60  5:18  SCV  
  60  5:19  Marine x2  
  60  5:20  Siege Tank  
  64  5:26  SCV  
  63  5:29  Engineering Bay  
  63  5:30  SCV  
  63  5:32  Marine  
  63  5:33  Barracks  
  65  5:37  Marine x2  
  65  5:38  SCV  
  65  5:42  SCV  
  69  5:45  Supply Depot  
  69  5:50  SCV  
  69  5:52  Refinery  
  69  5:54  SCV  
  71  5:58  Starport Reactor  
  71  5:59  Terran Infantry Weapons Level 1  
  71  6:01  Marine x2  
  71  6:02  Missile Turret  
  71  6:03  Marauder  
  71  6:04  Stimpack  
  75  6:05  Factory Reactor  
  75  6:10  Supply Depot  
  75  6:18  Marine  
  75  6:19  Marine  
  75  6:25  Marauder  
  79  6:30  Command Center  
  79  6:35  Marauder  
  79  6:36  Combat Shield, Marine x2  
  79  6:38  Medivac x2  
  87  6:42  Supply Depot, Widow Mine x2  
  87  6:45  Supply Depot  
  91  6:51  Marauder  
  93  6:54  Marine x2  
  93  6:57  Marauder  
  97  7:05  Widow Mine x2  
  97  7:06  Supply Depot  
  97  7:07  Supply Depot  
  97  7:08  Medivac x2  
  101  7:15  Marauder, Marine x2  
  107  7:18  Marauder  
  111  7:29  Widow Mine x2  
  114  7:37  Marauder  
  116  7:38  Marine, Medivac x2  
  116  7:39  Marine  
  116  7:40  Marauder  
  122  7:55  Barracks x2  
  122  7:56  Marine x2, Widow Mine x2  
  122  7:58  Marauder  
  130  8:01  SCV x2, Marauder  
  132  8:18  SCV x2  
  132  8:21  Orbital Command  
  132  8:22  Missile Turret  
  132  8:26  Marauder x2  
  133  8:28  Medivac x2  
  132  8:34  SCV x2  
  120  8:44  Barracks Reactor, Barracks Tech Lab  
  120  8:46  SCV  
  120  8:47  Marauder x2  
  120  8:48  Marine x2  
  124  8:49  Widow Mine x2  
  124  8:51  SCV  
  124  8:52  SCV  
  130  8:58  Armory, SCV  
  130  9:00  Engineering Bay  
  131  9:03  SCV  
  131  9:04  SCV  
  131  9:08  Marine x2  
  135  9:10  SCV  
Show
View Real Time Build Order
Export as new Build Order

Nina Protoss 

Build Orders: 1 Gate Expand, Blink Stalkers 

Get SALT Encoding   

  12  0:00  Probe  
  13  0:13  Pylon  
  13  0:17  Probe  
  14  0:29  Probe (Chrono Boost)  
  14  0:34  Gateway  
  15  0:41  Probe (Chrono Boost)  
  16  0:48  Assimilator  
  16  0:49  Probe (Chrono Boost)  
  17  0:55  Probe  
  18  1:07  Probe  
  19  1:19  Probe  
  20  1:30  Cybernetics Core  
  20  1:31  Probe  
  21  1:41  Nexus  
  21  1:48  Pylon  
  21  1:57  Assimilator, Probe  
  22  2:04  Stalker (Chrono Boost)  
  24  2:10  Probe  
  25  2:17  Warp Gate  
  24  2:23  Probe  
  24  2:29  Stalker (Chrono Boost)  
  24  2:35  Probe  
  27  2:47  Probe  
  28  2:52  Twilight Council  
  28  2:54  Probe  
  29  2:59  Probe  
  29  3:03  Stalker (Chrono Boost)  
  32  3:06  Probe  
  32  3:10  Shield Battery  
  32  3:11  Probe  
  34  3:22  Blink (Chrono Boost)  
  34  3:23  Probe  
  34  3:24  Probe  
  34  3:35  Probe  
  34  3:36  Probe  
  36  3:41  Gateway  
  36  3:49  Robotics Facility, Probe  
  36  3:51  Probe  
  38  4:01  Probe  
  39  4:03  Probe  
  39  4:06  Gateway  
  39  4:09  Gateway  
  40  4:13  Probe  
  41  4:18  Stalker  
  41  4:19  Probe  
  41  4:22  Pylon  
  44  4:25  Probe  
  45  4:37  Probe (Chrono Boost)  
  39  4:39  Probe (Chrono Boost)  
  39  4:43  Stalker  
  41  4:49  Probe (Chrono Boost)  
  41  4:52  Stalker  
  45  4:55  Probe (Chrono Boost)  
  45  4:56  Observer  
  45  4:57  Probe (Chrono Boost)  
  47  5:01  Stalker  
  47  5:02  Probe  
  47  5:04  Probe  
  47  5:06  Stalker  
  53  5:16  Probe  
  53  5:19  Probe  
  52  5:28  Probe  
  52  5:31  Assimilator, Probe  
  52  5:33  Robotics Bay  
  54  5:43  Pylon  
  54  5:45  Pylon  
  54  5:49  Gateway  
  54  6:00  Observer  
  54  6:01  Assimilator  
  54  6:03  Probe (Chrono Boost)  
  56  6:04  Pylon  
  56  6:05  Probe (Chrono Boost)  
  56  6:08  Probe (Chrono Boost)  
  57  6:13  Probe  
  57  6:17  Probe  
  59  6:19  Disruptor (Chrono Boost)  
  59  6:21  Pylon  
  59  6:25  Probe  
  64  6:29  Probe  
  65  6:34  Nexus, Pylon  
  65  6:37  Probe  
  65  6:39  Charge  
  66  6:40  Sentry  
  66  6:41  Zealot  
  66  6:45  Disruptor (Chrono Boost)  
  70  6:50  Probe  
  70  6:51  Probe  
  76  6:55  Zealot  
  76  6:56  Observer  
  76  6:59  Zealot  
  80  7:02  Probe  
  80  7:03  Probe  
  82  7:13  Shield Battery  
  82  7:14  Probe  
  84  7:15  Probe  
  84  7:26  Probe  
  84  7:27  Disruptor  
  89  7:31  Zealot x2  
  89  7:33  Pylon  
  89  7:35  Pylon  
  93  7:49  Stalker x3, Probe  
  96  7:53  Zealot x2  
  96  7:55  Shield Battery  
  96  7:56  Probe  
  101  8:08  Disruptor  
  105  8:14  Zealot x5  
  109  8:39  Probe  
  109  8:41  Zealot x4  
  80  8:48  Stalker  
  86  8:54  Pylon  
  85  8:55  Pylon  
  85  9:04  Pylon  
  85  9:15  Stalker  
  85  9:16  Stalker x3  
  93  9:22  Zealot  
Tags
 
Add a new tag
Caveats
  • Supply blocks, unpowered buildings, or Contaminate may cause inaccurate times.
  • Supply counts are checked every 10 seconds.